 Dungeon Crawl Stone Soup version 0.27.0-1-g7a089689b8 (webtiles) character file.

Game seed: 8449220610835438522

193 Loskel the Shield-Bearer (level 5, -5/48 HPs)
             Began as a Minotaur Fighter on Aug 17, 2021.
             Was a Follower of Sif Muna.
             Slain by Grinder (6 damage)
             ... while paralysed by Grinder
             ... on level 4 of the Dungeon.
             The game lasted 00:03:40 (1040 turns).

Loskel the Shield-Bearer (Minotaur Fighter)         Turns: 1040, Time: 00:03:41

Health: -5/48      AC:  8    Str: 21    XL:     5   Next: 44%
Magic:  4/4        EV:  2    Int:  6    God:    Sif Muna [*.....]
Gold:   66         SH:  0    Dex:  9    Spells: 4/4 levels left

rFire    . . .     SeeInvis .   a - +0 long sword
rCold    . . .     Faith    .   c - +0 kite shield
rNeg     . . .     Spirit   .   b - +0 scale mail
rPois    .         Reflect  .   (helmet restricted)
rElec    .         Harm     .   g - +0 cloak
rCorr    .         Rampage  .   (no gloves)
Will     .....                  (no boots)
Stlth    ..........             (no amulet)
HPRegen  0.16/turn              (no ring)
MPRegen  0.09/turn              (no ring)

@: paralysed
A: horns 2, retaliatory headbutt
a: Renounce Religion, Channel Magic


You were on level 4 of the Dungeon.
You worshipped Sif Muna.
Sif Muna was aware of your devotion.
You visited 1 branch of the dungeon, and saw 3 of its levels.

You collected 66 gold pieces.

Inventory:

Hand Weapons
 a - a +0 long sword (weapon)
Armour
 b - a +0 scale mail (worn)
 c - a +0 kite shield (worn)
 g - a +0 cloak (worn)
Magical Staves
 f - a staff of air


   Skills:
 + Level 5.2 Fighting
 - Level 2.4 Long Blades
 + Level 5.2 Armour
 + Level 5.2 Shields


You had 4 spell levels left.
You didn't know any spells.
Your spell library was empty.

Dungeon Overview and Level Annotations

Branches:
Dungeon (2/15)

Altars:
Sif Muna

Annotations:
D:4 Grinder


Innate Abilities, Weirdness & Mutations

You have a pair of horns on your head.
You reflexively headbutt those who attack you in melee.


Message History

You have reached level 4!
You feel stronger.
You have reached level 5!
Grinder blinks!
The adder skeleton bites you but does no damage.
You feel a little less mighty now.
Grinder says, "Wait up."
You block the adder skeleton's attack. Grinder gestures at you.
Pain shoots through your body!
Really walk into that dispersal trap?
You enter a dispersal trap!
Grinder blinks!
You blink.
Grinder hits you but does no damage.
You hit Grinder but do no damage. Grinder hits you.
You writhe in agony.
* * * LOW HITPOINT WARNING * * *
The adder skeleton bites you but does no damage.
You hit Grinder.
Grinder is lightly wounded.
Grinder says, "DUCK!"
Grinder hits you.
* * * LOW HITPOINT WARNING * * *
You writhe in agony.
* * * LOW HITPOINT WARNING * * *
The adder skeleton barely misses you. Grinder hits you.
* * * LOW HITPOINT WARNING * * *
You writhe in agony.
* * * LOW HITPOINT WARNING * * *
Unknown command.
You slash Grinder!
Grinder is moderately wounded.
The adder skeleton barely misses you.
You riposte.
You slash the adder skeleton!
The adder skeleton is severely damaged.
Grinder gestures at you.
You suddenly lose the ability to move!
The adder skeleton bites you but does no damage.
Grinder hits you.
* * * LOW HITPOINT WARNING * * *
You writhe in agony.
You die...

###. #.# # #.#
#######.#
#...5...#
#.####### #.#
#.# ###Z####
#...@..######.#
#.#5..........#
#..............
######.########
#^# ........#
#########


You could see Grinder and an adder skeleton.

Vanquished Creatures
  Sigmund (D:4)
  A howler monkey skeleton (D:4)
  2 adders (D:2)
  3 dart slugs
  2 endoplasms (D:1)
  A goblin (D:1)
  2 hobgoblins (D:1)
  4 jackals (D:2)
  A quokka (D:1)
  3 ball pythons
  2 kobolds (D:1)
  2 rats
24 creatures vanquished.

Notes
Turn   | Place    | Note
-------+----------+-------------------------------------------
     0 | D:1      | Loskel the Minotaur Fighter began the quest for the Orb.
     0 | D:1      | Reached XP level 1. HP: 19/19 MP: 0/0
   269 | D:1      | Reached XP level 2. HP: 27/27 MP: 1/1
   535 | D:1      | Found a faded altar of an unknown god.
   543 | D:1      | Became a worshipper of Sif Muna the Loreminder
   543 | D:1      | Reached * piety under Sif Muna
   816 | D:2      | Reached XP level 3. HP: 13/33 MP: 2/2
   939 | D:2      | You fall into a shaft and drop 2 floors!
   984 | D:4      | Noticed Grinder
   984 | D:4      | Noticed Sigmund
   986 | D:4      | Paralysed by Grinder for 3 turns
  1013 | D:4      | Killed Sigmund
  1014 | D:4      | Reached skill level 5 in Fighting
  1014 | D:4      | Reached skill level 5 in Armour
  1014 | D:4      | Reached skill level 5 in Shields
  1014 | D:4      | Reached XP level 4. HP: 19/42 MP: 3/3
  1014 | D:4      | Reached XP level 5. HP: 22/48 MP: 4/4
  1038 | D:4      | HP: 1/48 [Grinder (2)]
  1039 | D:4      | Paralysed by Grinder for 7 turns
  1040 | D:4      | Slain by Grinder

Illustrated notes

Levels and vault maps discovered:
D:1:      dpeg_arrival_radiant, layout_loops_ring,
          shapermc_ecumenical_altar_venn
D:2:      layout_loops_ring, roderic_st_hans_cross, kennysheep_generic_room_12
D:4:      layout_basic, minmay_temple_entry_large_hall, uniq_grinder,
          uniq_sigmund

Skill      XL: |  1  2  3 |
---------------+----------+-----
Shields        | 4 5 |  5.2
Fighting       | 4 5 |  5.2
Armour         | 4 5 |  5.2
Long Blades    | |  2.4

Action                   |  1- 3 |  4- 6 || total
-------------------------+-------+-------++-------
Melee: Long sword        |    50 |     3 ||    53
       Headbutt          |    10 |       ||    10
  Use: Potion            |     3 |       ||     3
       Scroll            |     1 |       ||     1
Armor: Scale mail        |    32 |     4 ||    36
       Skin              |     5 |       ||     5
Dodge: Dodged            |    24 |     2 ||    26
Block: Kite shield       |    41 |     1 ||    42
       Rpst.: Long sword |     6 |     1 ||     7
